[Event "Late-Titled-Tuesday-Blitz-September-12-2023"]
[Site "Chess.com"]
[Date "2023.09.12"]
[Round "2"]
[White "carloseduar100"]
[Black "robertoalejandro10"]
[Result "0-1"]
[WhiteElo "2279"]
[BlackElo "2510"]
[TimeControl "180+1"]
[EndTime "14:18:51 PDT"]
[Termination "robertoalejandro10 won by checkmate"]

1. e4 c5 2. Nf3 g6 3. d4 cxd4 4.
c3 d3 5. Bxd3 Bg7 6. O-O Nc6 7.
Re1 d6 8. Bg5 Bg4 9. Nbd2 Nf6 10.
h3 Bxf3 11. Nxf3 O-O 12. e5 dxe5 13. Nxe5 Nxe5 14. Rxe5 Qc7 15. Qe2 e6 16. Rd1 Nd5 17.
Re4 Qa5 18. Qd2 b5 19. Bb1 a6 20. Bh6 Rfd8 21. Bxg7 Kxg7 22. Rd4 Qc7 23. a3 Rd7 24.
Qg5 Rad8 25. Ba2 Nf6 26. Qe3 Rxd4 27. Rxd4 Rxd4 28. Qxd4 e5 29. Qd3 Qe7 30. g4 Ne8 31. Qd5 Nf6 32. Qa8 h5 33. g5 Nd7 34. h4 Nc5 35. Qd5 Na4 36. Qd2 Nc5 37. Bb1 e4 38. Qd4+ Kg8 39. b4 Ne6 40. Qxe4 Qc7 41. Bd3 Qxc3 42. Qd5 Qxa3 43. Bxg6 Qc1+ 44. Kg2 Qf4 45.
Bxh5 Qxh4 46. Qa8+ Kg7 47. Bf3 Nf4+ 48. Kf1 Qxg5 49.
Qe4 Qf6 50. Be2 Ng6 51. Qd3 Qa1+ 52. Kg2 Nf4+ 53. Kf3 Nxd3 54. Bxd3 Qc3 55. Ke4 Qxb4+ 56. Kd5 Qc3 57. Be4 b4 58. f4 b3 59. f5 b2 60. f6+ Qxf6 61. Bc2 Qg5+ 62. Kc4 Qc1 63.
Kb3 a5 64. Bb1 Qxb1 65. Kc3 Qc1+ 66. Kd4 b1=Q 67. Kd5 Qb5+ 68. Kd6 Qcc6+ 69. Ke7 Qbb7+ 70. Kd8 Qcc8# 0-1

[Event "Late-Titled-Tuesday-Blitz-September-12-2023"]
[Site "Chess.com"]
[Date "2023.09.12"]
[Round "2"]
[White "FeketeBarika"]
[Black "Mikasinski"]
[Result "0-1"]
[WhiteElo "2383"]
[BlackElo "2654"]
[TimeControl "180+1"]
[EndTime "14:18:52 PDT"]
[Termination "Mikasinski won by resignation"]

1. Nf3 Nf6 2. g3 g6 3. c4 Bg7 4. Bg2 O-O 5. O-O d6 6. Nc3 e5 7.
d3 Re8 8. Rb1 a5 9. a3 Nc6 10.
b4 axb4 11. axb4 Bg4 12. h3 Bc8 13. Nd2 Nd4 14. e3 Ne6 15. Kh2 h5 16. b5 Qd7 17.
Nb3 Ng5 18. h4 Ng4+ 19. Kg1 Nh7 20. Nd5 Qd8 21. b6 cxb6 22. Nd2 Bf5 23. Nxb6 Bxd3 24.
Nxa8 Bxb1 25. Nxb1 Qxa8 26. Qxd6 e4 27. Nd2 Nhf6 28.
Bb2 Rd8 29. Qb4 Qa6 30. Nxe4 Nxe4 31. Bxe4 Bxb2 32. Qxb2 Qxc4 33. Qxb7 Qe2 34. Bf3 Qc4 35. Qe4 Qxe4 36. Bxe4 Rd2 37. Bf3 Ne5 38. Bg2 Kg7 39. e4 Kf6 40. f4 Ng4 41. Bf3 Ne3 42. Re1 Nc2 43. Re2 Nd4 44. Rf2 Ke7 45. Kg2 Rd3 46.
e5 Ke6 47. Be4 Re3 48. Bb1 Re1 49. Bd3 Rd1 50. Bc4+ Ke7 51. Rb2 Nf5 52. Rb7+ Kf8 53. Rxf7+ Ke8 54. Be6 Rd2+ 55. Kh3 Nd4 56. Rf6 Ne2 57.
g4 Ke7 58. gxh5 gxh5 59. Bc4 Ng1+ 60. Kg3 Rc2 61. Rc6 Ne2+ 62. Kh3 Nxf4+ 63. Kg3 Ne2+ 64.
Kh3 Nd4 65. Rc7+ Kd8 66. Rc5 Nf5 67. e6 Nd6 68. Rd5 Ke7 69. Bd3 Rc3 70. Kg2 Kxe6 71. Rd4 Ke5 72. Rxd6 Kxd6 73. Bg6 Rc5 74. Bxh5 Rxh5 0-1

[Event "Late-Titled-Tuesday-Blitz-September-12-2023"]
[Site "Chess.com"]
[Date "2023.09.12"]
[Round "2"]
[White "PotapovaM"]
[Black "Quattroporte300"]
[Result "0-1"]
[WhiteElo "2637"]
[BlackElo "2396"]
[TimeControl "180+1"]
[EndTime "14:19:01 PDT"]
[Termination "Quattroporte300 won by resignation"]

1. Nf3 c5 2. e4 d6 3. d4 cxd4 4. Nxd4 Nf6 5. Nc3 a6 6. Be3 e5 7. Nb3 Be6 8. f3 h5 9. Qd2 Be7 10. O-O-O Nbd7 11. Kb1 b5 12. h3 h4 13. Bd3 Rc8 14. f4 b4 15. Nd5 Bxd5 16. exd5 a5 17. fxe5 Nxe5 18. Bb5+ Kf8 19. Nd4 Nxd5 20. Rhf1 Bf6 21.
Nf5 Nxe3 22. Qxe3 Qc7 23. Rf2 Qc5 24. Qe2 Rd8 25. Ne3 d5 26. Nf5 g6 27. Nd4 Kg7 28.
Qf1 Rd6 29. Nb3 Qc7 30. Nd4 Ra8 31. Rf4 a4 32. Be2 Qc5 33. Nb5 Rb6 34. Qf2 Qxf2 35. Rxf2 Rd8 36. Nd4 Nc4 37. Bxc4 dxc4 38. Rfd2 Bxd4 39.
Rxd4 Rxd4 40. Rxd4 Rf6 41. Kc1 Rf1+ 42. Kd2 Rf2+ 43. Kd1 Rxg2 44. Rxh4 b3 45. cxb3 axb3 46. axb3 cxb3 47. Kc1 Rc2+ 48. Kb1 Rh2 49. Kc1 Kf6 50.
Rf4+ Ke6 51. Rf3 f5 52. Rxb3 g5 53. Re3+ Kd5 54. b4 f4 55. Re8 Rxh3 56. Rg8 Rh5 57. Kd2 Ke4 58. Ke2 Rh2+ 59. Kf1 Kf3 60. Rxg5 Rb2 61.
Kg1 Rb1+ 62. Kh2 Rxb4 63. Ra5 Rb2+ 64. Kg1 Rb1+ 65. Kh2 Rc1 66. Ra3+ Ke2 67. Ra2+ Ke3 68. Ra3+ Kd2 69. Ra2+ Ke3 70. Ra3+ Ke4 71. Ra4+ Kf3 72. Ra3+ Kg4 73. Rc3 Rxc3 0-1

[Event "Late-Titled-Tuesday-Blitz-September-12-2023"]
[Site "Chess.com"]
[Date "2023.09.12"]
[Round "2"]
[White "infinitegiantkiller"]
[Black "lilylg"]
[Result "1-0"]
[WhiteElo "2472"]
[BlackElo "2201"]
[TimeControl "180+1"]
[EndTime "14:19:21 PDT"]
[Termination "infinitegiantkiller won on time"]

1. Nf3 d5 2. g3 Nf6 3. Bg2 c5 4. O-O Nc6 5. b3 g6 6. Bb2 Bg7 7. d4 O-O 8. dxc5 Re8 9. Ne5 Qc7 10. Nxc6 bxc6 11. Nd2 e5 12. Nf3 Nd7 13. b4 a5 14. c3 e4 15. Nd4 Ba6 16. a3 Ne5 17. Re1 Nc4 18. Bc1 axb4 19. cxb4 Qe5 20. e3 Qc7 21. a4 Bc8 22. Bd2 Nb2 23. Qc2 Nd3 24. Reb1 f5 25. Bf1 Ne5 26. Be2 f4 27. exf4 Nf3+ 28.
Nxf3 exf3 29. Bxf3 Bf5 30. Qb3 Bxb1 31. Rxb1 Reb8 32. b5 Qa7 33. b6 Qxa4 34. Qd3 Qd4 35.
Qc2 Ra1 36. Be3 Rxb1+ 37. Qxb1 Qa1 38. Qxa1 Bxa1 39. Bg4 d4 40. Bd2 Bc3 41. Bc1 d3 42. Bd7 d2 43. Bxd2 Bxd2 44. Bxc6 Kf8 45. Bd5 Ke7 46. Kf1 Ba5 47. Ke2 Bxb6 48. cxb6 Rxb6 49.
Be4 Kd6 50. Kf3 Rb2 51. h4 Ke7 52. f5 Kf6 53. fxg6 hxg6 54. Kg2 Rb3 55. Bf3 Rc3 56. Be4 Rc4 57. Bb1 Rd4 58. Bc2 Rd2 59. Be4 Rb2 60.
Bf3 Rc2 61. Bd1 Rd2 62. Bb3 Rb2 63. Bd5 Rd2 64. Be4 Rb2 65. Kf3 Rd2 66. Ke3 Rb2 67. f3 Rb3+ 68. Kf4 Rb4 69. Kg4 Rc4 70. Kf4 Rd4 71. g4 Rb4 72. Kg3 Rb3 73. Kf4 Rb4 74. g5+ Ke6 75. Kg3 Ke5 76. Bxg6 Rb6 77. Bh5 Rb4 78. Bg4 Rb3 79. h5 Rb5 80. f4+ Ke4 81.
g6 Rb3+ 82. Kh4 Kxf4 83. g7 Rb8 84. h6 Rb6 85. Kh5 Rb5+ 86. Kg6 Rg5+ 87. Kh7 Kxg4 88.
g8=Q Kh5 89. Qxg5+ Kxg5 90. Kg7 1-0

[Event "Late-Titled-Tuesday-Blitz-September-12-2023"]
[Site "Chess.com"]
[Date "2023.09.12"]
[Round "2"]
[White "allvim"]
[Black "Andrej2004"]
[Result "0-1"]
[WhiteElo "2255"]
[BlackElo "2552"]
[TimeControl "180+1"]
[EndTime "14:19:27 PDT"]
[Termination "Andrej2004 won by checkmate"]

1. e4 c5 2. Nf3 Nc6 3. d4 cxd4 4. Nxd4 g6 5. Nc3 Bg7 6. Be3 Nf6 7. Bc4 O-O 8. Bb3 d6 9. f3 Bd7 10. Qd2 a5 11. a4 Nb4 12. O-O-O Rc8 13. Kb1 Qc7 14. h4 h5 15. g4 hxg4 16. h5 gxh5 17. Bh6 Qc5 18.
Nf5 Bxf5 19. Qg5 Bg6 20. Qxg6 Ne8 21. Rxh5 d5 22. Qg5 d4 23. Qg6 Rc6 24. Qxg4 Qxh5 25. Qxh5 Rxh6 26. Qxa5 Nc6 27. Qg5 dxc3 28. Rg1 Rh7 29.
f4 cxb2 30. e5 e6 31. f5 exf5 32. Qxf5 Nd8 33. e6 fxe6 34. Bxe6+ Nxe6 35. Qxe6+ Kh8 36. Re1 Nf6 37. Re3 Rg8 38. Rh3 Rxh3 39. Qxh3+ Nh7 40. Qh1 Bd4 41. Qxb7 Rg1+ 42. Ka2 b1=Q+ 43. Qxb1 Rxb1 44. Kxb1 Kg7 45. Ka2 Kf7 46. Kb3 Ke7 47. Kc4 Ba7 48.
Kb5 Kd7 49. Ka6 Bd4 50. a5 Kc7 51. c4 Nf6 52. Kb5 Nd7 53. c5 Bxc5 54. a6 Bb6 55. a7 Bxa7 56. Kc4 Kc6 57. Kd3 Kd5 58. Kc3 Ne5 59.
Kb4 Bc5+ 60. Kb3 Kd4 61. Kc2 Kc4 62. Kd2 Bd4 63. Ke2 Kd5 64. Kd2 Ke4 65. Ke2 Nc4 66.
Kf1 Kf3 67. Ke1 Bf2+ 68. Kd1 Ke3 69. Kc2 Kd4 70. Kd1 Kd3 71. Kc1 Bd4 72. Kd1 Bc3 73.
Kc1 Nb2 74. Kb1 Kc4 75. Kc2 Kd4 76. Kb3 Nd3 77. Kc2 Kc4 78. Kd1 Nf4 79. Kc2 Bb4 80. Kb2 Nd3+ 81. Kc2 Nf2 82. Kb2 Bc3+ 83. Kc2 Kb4 84.
Kc1 Kb3 85. Kb1 Bd2 86. Ka1 Nd1 87. Kb1 Be3 88. Ka1 Nb2 89. Kb1 Nc4 90. Ka1 Bf4 91.
Kb1 Na3+ 92. Ka1 Be5# 0-1

[Event "Late-Titled-Tuesday-Blitz-September-12-2023"]
[Site "Chess.com"]
[Date "2023.09.12"]
[Round "2"]
[White "micke12a"]
[Black "AradNazari"]
[Result "0-1"]
[WhiteElo "2377"]
[BlackElo "2754"]
[TimeControl "180+1"]
[EndTime "14:19:29 PDT"]
[Termination "AradNazari won by resignation"]

1. d4 Nf6 2. Nc3 d5 3. Bf4 c5 4.
e4 Nxe4 5. Nxe4 dxe4 6. dxc5 Qa5+ 7. c3 Qxc5 8. Qa4+ Nc6 9. Qxe4 g6 10. Nf3 Bg7 11. Qe3 Qxe3+ 12. Bxe3 a6 13. O-O-O Be6 14. Kb1 b5 15. Be2 b4 16. Nd4 Nxd4 17. Bxd4 Bxd4 18. cxd4 Bd5 19. f3 Kd7 20. Bd3 Rhc8 21. Be4 Kd6 22.
Rhe1 e6 23. Bxd5 Kxd5 24. Re5+ Kd6 25. Ra5 Rcb8 26. Rc1 Rb6 27. Kc2 Rc6+ 28. Kd2 Rxc1 29. Kxc1 Kc6 30. Kc2 Kb6 31. Rc5 Rd8 32. Kd3 a5 33. Kc4 h6 34. Rb5+ Ka6 35. Rc5 g5 36.
Rc7 Rf8 37. Kc5 h5 38. Rc6+ Kb7 39. Kb5 Rd8 40. Rc4 Rd5+ 41. Rc5 Rxd4 42. Rxg5 Rd2 43. Kxa5 Rxb2 44. Rb5+ Kc6 45. Rxh5 Rxa2+ 46. Kxb4 Rxg2 47. Rh7 f5 48. Kc4 Rf2 49. Rh3 Rd2 50. Kc3 Rd1 51.
f4 Rf1 52. Re3 Kd5 53. h4 Rxf4 54. Rh3 Rc4+ 55. Kd3 Ra4 56. Ke2 Ra2+ 57. Ke1 Ke4 58. h5 e5 59. h6 Ra8 60. h7 Rh8 61. Ke2 Kf4 62. Kf2 Kg4 63. Rh1 Kg5 64. Rg1+ Kf6 65.
Rh1 Kg6 66. Re1 e4 67. Rg1+ Kxh7 68. Ke3 Rg8 69. Rh1+ Kg6 70. Kf4 Kf6 71. Rh6+ Rg6 72. Rh5 Rg4+ 73. Ke3 Rg3+ 74. Kd4 Rd3+ 75. Kc4 Rd8 76.
Rh6+ Ke5 0-1

[Event "Late-Titled-Tuesday-Blitz-September-12-2023"]
[Site "Chess.com"]
[Date "2023.09.12"]
[Round "3"]
[White "campochess"]
[Black "Siemba"]
[Result "0-1"]
[WhiteElo "2129"]
[BlackElo "2513"]
[TimeControl "180+1"]
[EndTime "14:21:25 PDT"]
[Termination "Siemba won by resignation"]

1. e4 c6 2. Nc3 d5 3. Nf3 dxe4 4.
Nxe4 Nf6 5. Nxf6+ exf6 6. b3 Bd6 7. Bb2 O-O 8. Be2 Re8 9. O-O Nd7 10. d4 Nf8 11. Bd3 Ng6 12. h3 Be6 13. Re1 Qd7 14. Qd2 Bxh3 15. Bxg6 Qg4 16. g3 Qxf3 0-1

[Event "Late-Titled-Tuesday-Blitz-September-12-2023"]
[Site "Chess.com"]
[Date "2023.09.12"]
[Round "3"]
[White "ural58"]
[Black "PedroGil25"]
[Result "1-0"]
[WhiteElo "2542"]
[BlackElo "2327"]
[TimeControl "180+1"]
[EndTime "14:21:40 PDT"]
[Termination "ural58 won by resignation"]

1. e4 c5 2. Nf3 e6 3. b3 Nc6 4. Bb2 d6 5. d4 cxd4 6. Nxd4 Nf6 7. Nxc6 bxc6 8. e5 dxe5 9. Qxd8+ Kxd8 10. Bxe5 Bb4+ 11.
c3 Bc5 12. f3 Ke7 13. Nd2 Rd8 14. Bc4 g6 15. Bxf6+ 1-0

[Event "Late-Titled-Tuesday-Blitz-September-12-2023"]
[Site "Chess.com"]
[Date "2023.09.12"]
[Round "3"]
[White "azikom"]
[Black "GMForgacs"]
[Result "1-0"]
[WhiteElo "2652"]
[BlackElo "2455"]
[TimeControl "180+1"]
[EndTime "14:21:54 PDT"]
[Termination "azikom won by resignation"]

1. Nf3 Nf6 2. c4 g6 3. Nc3 Bg7 4. g3 O-O 5. Bg2 d6 6. O-O e5 7. d3 Nc6 8. Rb1 a5 9. a3 h6 10. b4 axb4 11. axb4 Be6 12. Nd2 Rb8 13. Nd5 Qd7 14. b5 Ne7 15. Nxe7+ Qxe7 16. Ba3 Nd7 17. Ne4 f5 18. Nc3 g5 19. Nd5 Nf6 20. Nxe7+ 1-0

[Event "Late-Titled-Tuesday-Blitz-September-12-2023"]
[Site "Chess.com"]
[Date "2023.09.12"]
[Round "3"]
[White "jraosam"]
[Black "kacprekt"]
[Result "1-0"]
[WhiteElo "2051"]
[BlackElo "2489"]
[TimeControl "180+1"]
[EndTime "14:22:25 PDT"]
[Termination "jraosam won by resignation"]

1. e4 d6 2. d4 Nf6 3. Nc3 Nc6 4. Nf3 Bg4 5. Be3 e5 6. d5 Bxf3 7. Qxf3 Nd4 8. Bxd4 exd4 9. Nb5 Qe7 10. O-O-O O-O-O 11. Nxa7+ Kb8 12. Nc6+ bxc6 13. Qb3+ Ka7 14. dxc6 Rb8 15.
Qa4+ Kb6 16. Qb5+ 1-0

[Event "Late-Titled-Tuesday-Blitz-September-12-2023"]
[Site "Chess.com"]
[Date "2023.09.12"]
[Round "3"]
[White "lachesisQ"]
[Black "Michalczak"]
[Result "1-0"]
[WhiteElo "3082"]
[BlackElo "2495"]
[TimeControl "180+1"]
[EndTime "14:22:35 PDT"]
[Termination "lachesisQ won by checkmate"]

1. e4 e5 2. f4 exf4 3. Nf3 g5 4. h4 g4 5. Ne5 Nf6 6. Nxg4 Nxe4 7. d3 Ng3 8. Bxf4 Qe7+ 9. Be2 Nxh1 10. Bg5 Qb4+ 11. c3 Qxb2 12. Nf6+ Kd8 13. Nd5+ f6 14.
Bxf6+ Be7 15. Bxe7+ Ke8 16. Bh5# 1-0

[Event "Late-Titled-Tuesday-Blitz-September-12-2023"]
[Site "Chess.com"]
[Date "2023.09.12"]
[Round "3"]
[White "ferrufino64"]
[Black "Noki102"]
[Result "0-1"]
[WhiteElo "2268"]
[BlackElo "2428"]
[TimeControl "180+1"]
[EndTime "14:22:48 PDT"]
[Termination "Noki102 won by resignation"]

1. e4 e5 2. d4 exd4 3. Qxd4 Nc6 4. Qe3 Bb4+ 5. Nc3 Ba5 6. Bd2 Bb6 7. Qg3 Qf6 8. f3 Nge7 9. O-O-O d6 10. Nge2 O-O 11. Bg5 Qg6 12. Nf4 Be3+ 13. Kb1 Bxf4 14. Qxf4 Be6 15.
h4 f6 16. h5 Qxg5 17. Qxg5 fxg5 18. Be2 h6 19. g4 Ne5 20. b3 Nxf3 0-1

[Event "Late-Titled-Tuesday-Blitz-September-12-2023"]
[Site "Chess.com"]
[Date "2023.09.12"]
[Round "3"]
[White "wadsy27"]
[Black "Kombinator01"]
[Result "1-0"]
[WhiteElo "2607"]
[BlackElo "2431"]
[TimeControl "180+1"]
[EndTime "14:23:09 PDT"]
[Termination "wadsy27 won by resignation"]

1. Nf3 c5 2. g3 g6 3. Bg2 Bg7 4. O-O Nc6 5. c4 e6 6. e3 Nge7 7. d4 cxd4 8. exd4 d5 9. c5 Nf5 10. Be3 O-O 11. Nc3 b6 12. Rc1 bxc5 13. dxc5 d4 14.
Nxd4 Ncxd4 15. Bxd4 Nxd4 16. Bxa8 Ba6 17. Bg2 Bxf1 18.
Qxf1 Qa5 19. Qc4 Rc8 20. c6 Nxc6 21. Bxc6 1-0

[Event "Late-Titled-Tuesday-Blitz-September-12-2023"]
[Site "Chess.com"]
[Date "2023.09.12"]
[Round "3"]
[White "jaldjald"]
[Black "younix2022"]
[Result "1-0"]
[WhiteElo "2358"]
[BlackElo "2055"]
[TimeControl "180+1"]
[EndTime "14:23:10 PDT"]
[Termination "jaldjald won by checkmate"]

1. e4 c5 2. Nf3 e6 3. d4 cxd4 4. Nxd4 Nf6 5. Nc3 Nc6 6. Ndb5 Bb4 7. a3 Bxc3+ 8. Nxc3 d6 9. Bf4 e5 10. Bg5 Be6 11. Bd3 O-O 12. O-O h6 13. Bxf6 Qxf6 14. Ne2 Nd4 15. Nxd4 exd4 16. f4 Rac8 17. Qd2 Bc4 18.
Rf3 d5 19. e5 Qa6 20. f5 Bxd3 21. cxd3 Qc6 22. f6 g5 23. Rg3 Rfd8 24. Rxg5+ hxg5 25. Qxg5+ Kf8 26. Qg7+ Ke8 27. Qg8+ Kd7 28. Qxf7# 1-0

[Event "Late-Titled-Tuesday-Blitz-September-12-2023"]
[Site "Chess.com"]
[Date "2023.09.12"]
[Round "3"]
[White "bascheyaro"]
[Black "ArturoCaceres"]
[Result "1-0"]
[WhiteElo "2825"]
[BlackElo "2448"]
[TimeControl "180+1"]
[EndTime "14:23:11 PDT"]
[Termination "bascheyaro won by resignation"]

1. d4 Nf6 2. Bf4 d5 3. e3 c5 4. Nf3 e6 5. Be2 Bd6 6. dxc5 Bxf4 7. exf4 Qa5+ 8. Nbd2 Qxc5 9. O-O Qc7 10. g3 O-O 11.
Bd3 Nc6 12. a3 a6 13. Re1 Bd7 14.
Qe2 Rac8 15. Rad1 Rfd8 16. Nb3 Be8 17. Nbd4 Nxd4 18. Nxd4 Qb6 19. c3 g6 20. Rd2 Nd7 21. h4 Nc5 22. h5 Nb3 23. Nxb3 Qxb3 24. Qe5 f5 25. h6 Rc7 26. Qxc7 1-0

[Event "Late-Titled-Tuesday-Blitz-September-12-2023"]
[Site "Chess.com"]
[Date "2023.09.12"]
[Round "3"]
[White "dropstoneDP"]
[Black "The_Machine04"]
[Result "1-0"]
[WhiteElo "3021"]
[BlackElo "2713"]
[TimeControl "180+1"]
[EndTime "14:23:22 PDT"]
[Termination "dropstoneDP won by checkmate"]

1. e4 d6 2. d4 Nf6 3. Bd3 e5 4. Nf3 Nbd7 5. O-O exd4 6. Nxd4 Be7 7. c4 O-O 8. Nc3 Ne5 9. Be2 Re8 10. f4 Nc6 11. Be3 Bf8 12. Bf3 Bd7 13. h3 Nxd4 14. Bxd4 Bc6 15. Qd3 Nd7 16. Rae1 Nc5 17. Qc2 a5 18. b3 b6 19. Nd5 Bxd5 20. cxd5 Qh4 21. Qd2 g6 22. Kh2 Bg7 23. g3 Qe7 24. e5 Qd7 25. e6 Qe7 26. f5 gxf5 27. Bh5 fxe6 28. Bxc5 bxc5 29. Rxe6 Qd7 30. Bxe8 Rxe8 31. Qe3 Rf8 32.
Re7 Qb5 33. Qe6+ Kh8 34. Rxf5 Rxf5 35. Qxf5 h6 36. Qf7 Be5 37. Qf8# 1-0

[Event "Late-Titled-Tuesday-Blitz-September-12-2023"]
[Site "Chess.com"]
[Date "2023.09.12"]
[Round "3"]
[White "SalihEke"]
[Black "Francisco_Ferrari"]
[Result "1-0"]
[WhiteElo "2517"]
[BlackElo "2229"]
[TimeControl "180+1"]
[EndTime "14:23:46 PDT"]
[Termination "SalihEke won by checkmate"]

1. e4 c5 2. Nf3 d6 3. d4 cxd4 4. Nxd4 Nf6 5. Nc3 a6 6. Be2 e6 7. Be3 Be7 8. O-O Qc7 9. Qd2 O-O 10. f3 Nbd7 11. Rad1 b6 12. Nb3 Bb7 13. g4 Rfe8 14. g5 Nh5 15. f4 g6 16. Bxh5 gxh5 17. Qe2 Nc5 18. Nxc5 bxc5 19. Qxh5 Bf8 20. Rf3 d5 21. Rh3 h6 22. gxh6 d4 23. Rd2 dxe3 24. Rg2+ Kh8 25.
Rhg3 Bd6 26. Qg5 Bxf4 27. Qg7# 1-0

[Event "Late-Titled-Tuesday-Blitz-September-12-2023"]
[Site "Chess.com"]
[Date "2023.09.12"]
[Round "3"]
[White "octopus_assassin"]
[Black "Hilary46"]
[Result "0-1"]
[WhiteElo "2365"]
[BlackElo "2557"]
[TimeControl "180+1"]
[EndTime "14:23:58 PDT"]
[Termination "Hilary46 won by resignation"]

1. d4 d5 2. c4 e6 3. Nc3 c6 4. e4 dxe4 5. Nxe4 Bb4+ 6. Bd2 Qxd4 7. Bxb4 Qxe4+ 8. Be2 Na6 9. Bc3 f6 10. Qd6 Ne7 11. O-O-O Kf7 12. f3 Qe3+ 13. Kb1 e5 14.
Bd2 Bf5+ 15. Ka1 Qc5 16. Qxc5 Nxc5 17. g4 Bc2 18. Rc1 Bd3 19. Bd1 Rhd8 20. Be3 Ne6 21. Nh3 b6 22. Nf2 Bg6 23. h4 h6 24. h5 Bh7 25. b4 Rd7 26. c5 b5 27. Bb3 Nd5 28. Rhd1 Rad8 29. Bd2 Nd4 30. Bxd5+ Rxd5 31. f4 exf4 32. Ne4 Bxe4 0-1

[Event "Late-Titled-Tuesday-Blitz-September-12-2023"]
[Site "Chess.com"]
[Date "2023.09.12"]
[Round "3"]
[White "ValeriyGrinev"]
[Black "diamonds13"]
[Result "1-0"]
[WhiteElo "2546"]
[BlackElo "2351"]
[TimeControl "180+1"]
[EndTime "14:24:06 PDT"]
[Termination "ValeriyGrinev won by resignation"]

1. Nf3 d5 2. e3 g6 3. d4 Bg7 4. Be2 c5 5. O-O Nc6 6. c3 c4 7. b3 cxb3 8. axb3 Nf6 9. c4 e6 10. Ba3 Ne7 11. Nc3 O-O 12. Ne5 Re8 13. f4 Nc6 14. Kh1 a5 15. Nb5 Bf8 16. Bxf8 Rxf8 17. Qe1 Ne4 18. Bd3 Nb4 19. Bxe4 dxe4 20. Qxb4 axb4 21.
Rxa8 f6 22. Ng4 h5 23. Nf2 f5 24. Nh3 Qd7 25. Ng5 b6 26. Rfa1 h4 27. h3 Qg7 28.
R1a7 Bb7 29. Rxf8+ Kxf8 30. Nxe6+ 1-0

[Event "Late-Titled-Tuesday-Blitz-September-12-2023"]
[Site "Chess.com"]
[Date "2023.09.12"]
[Round "3"]
[White "tptagain"]
[Black "DeTimmerman"]
[Result "1-0"]
[WhiteElo "2940"]
[BlackElo "2636"]
[TimeControl "180+1"]
[EndTime "14:24:11 PDT"]
[Termination "tptagain won by resignation"]

1. Nf3 Nf6 2. b3 e6 3. Bb2 d5 4. c4 Be7 5. e3 O-O 6. Nc3 dxc4 7.
bxc4 b6 8. g3 Bb7 9. d3 Nbd7 10.
Bg2 a5 11. O-O a4 12. Nxa4 h6 13. Qc2 Ra7 14. Nc3 Nc5 15. Rfd1 Qa8 16. Nb5 Bxf3 17.
Bxf3 Qxf3 18. Nxa7 c6 19. a4 Ra8 20. a5 Rxa7 21.
axb6 Rb7 22. Ra8+ Kh7 23. Bxf6 Bxf6 24. d4+ Ne4 25. c5 Bg5 26. Re1 h5 27. Qe2 Qf5 28. Qxh5+ Bh6 29. Qxf5+ 1-0

[Event "Late-Titled-Tuesday-Blitz-September-12-2023"]
[Site "Chess.com"]
[Date "2023.09.12"]
[Round "3"]
[White "FairChess_on_YouTube"]
[Black "MightyGMpretender"]
[Result "1-0"]
[WhiteElo "3059"]
[BlackElo "2727"]
[TimeControl "180+1"]
[EndTime "14:24:19 PDT"]
[Termination "FairChess_on_YouTube won by resignation"]

1. Nf3 Nf6 2. g3 c5 3. c4 Nc6 4. Bg2 d5 5. cxd5 Nxd5 6. Nc3 Nc7 7. a3 f6 8. b4 cxb4 9. axb4 Nxb4 10. Qa4+ Nc6 11.
Nd4 e5 12. Nxc6 bxc6 13. O-O Be7 14. Qxc6+ Bd7 15. Qc4 Rc8 16. Rxa7 Be6 17. Qa4+ Bd7 18. Qa2 Be6 19. Qa4+ Bd7 20. Qa5 O-O 21. Nd5 Bd6 22.
Nb6 Rb8 23. Nc4 Nb5 24. Nxd6 Qxa5 25. Rxa5 Nxd6 26. Ba3 Rb6 27. Bc5 Nc4 28. Bd5+ Be6 29.
Bxc4 1-0

[Event "Late-Titled-Tuesday-Blitz-September-12-2023"]
[Site "Chess.com"]
[Date "2023.09.12"]
[Round "3"]
[White "JoseRemolar"]
[Black "Bauman_Guy"]
[Result "0-1"]
[WhiteElo "2488"]
[BlackElo "2899"]
[TimeControl "180+1"]
[EndTime "14:24:24 PDT"]
[Termination "Bauman_Guy won by resignation"]

1. e4 c5 2. Nf3 d6 3. d4 Nf6 4.
Nc3 cxd4 5. Nxd4 a6 6. Bg5 Nbd7 7. f4 Qa5 8. Qe2 h6 9. Nb3 Qc7 10. Bh4 e5 11. fxe5 dxe5 12. O-O-O Be7 13. g4 b5 14. g5 hxg5 15. Bxg5 b4 16. Bxf6 Nxf6 17. Nd5 Nxd5 18. exd5 Bf5 19. Bg2 Rc8 20. Be4 Bxe4 21. Qxe4 Rh4 22.
Qg2 Rg4 23. Qe2 Rc4 24. Rd2 Bg5 25. d6 Bxd2+ 0-1

[Event "Late-Titled-Tuesday-Blitz-September-12-2023"]
[Site "Chess.com"]
[Date "2023.09.12"]
[Round "3"]
[White "NovakCabarkapa"]
[Black "komogro"]
[Result "1-0"]
[WhiteElo "2821"]
[BlackElo "2517"]
[TimeControl "180+1"]
[EndTime "14:24:25 PDT"]
[Termination "NovakCabarkapa won by resignation"]

1. d4 Nf6 2. Nc3 d5 3. Bf4 Nbd7 4. Nb5 e5 5. Bxe5 Nxe5 6. dxe5 Ng4 7. Qxd5 Be6 8.
Qxd8+ Kxd8 9. Nf3 c6 10. O-O-O+ Kc8 11. Nd6+ Kc7 12. Rd2 Nxf2 13. Rg1 Ng4 14. e4 g6 15. Bc4 Bxc4 16. Nxc4 Bh6 17. h3 Ne3 18. Nd6 b5 19.
Nxf7 Nc4 20. Nxh6 Nxd2 21. Kxd2 Rad8+ 22. Ke3 c5 23. Nf7 1-0

[Event "Late-Titled-Tuesday-Blitz-September-12-2023"]
[Site "Chess.com"]
[Date "2023.09.12"]
[Round "3"]
[White "Qvalda"]
[Black "louis198"]
[Result "1-0"]
[WhiteElo "2338"]
[BlackElo "2677"]
[TimeControl "180+1"]
[EndTime "14:24:28 PDT"]
[Termination "Qvalda won by resignation"]

1. Nf3 d5 2. e3 e6 3. b3 Nf6 4.
Bb2 Be7 5. d4 O-O 6. Bd3 Nbd7 7.
Nbd2 b6 8. Ne5 Bb7 9. f4 c5 10.
Qf3 Rc8 11. Qh3 h6 12. O-O Ne4 13. Nxe4 dxe4 14. Bc4 Bd5 15. Bxd5 Nxe5 16. Bxe6 fxe6 17. dxe5 Rc6 18. Rad1 Qc8 19. c4 a6 20. a4 b5 21. axb5 axb5 22. cxb5 Rb6 23. g4 Rxb5 24. f5 Rxb3 25. Ba1 Bg5 26. f6 Rxe3 27. Qh5 Qe8 28. Qxe8 Rxe8 29. f7+ Kf8 30. fxe8=Q+ Kxe8 31. Rfe1 Rd3 32. Rxd3 exd3 33. Bc3 c4 34. Kf1 Kd7 35. Re4 d2 36.
Ke2 1-0

[Event "Late-Titled-Tuesday-Blitz-September-12-2023"]
[Site "Chess.com"]
[Date "2023.09.12"]
[Round "3"]
[White "F-Ghaith2021"]
[Black "Arystanner"]
[Result "0-1"]
[WhiteElo "2382"]
[BlackElo "2823"]
[TimeControl "180+1"]
[EndTime "14:24:31 PDT"]
[Termination "Arystanner won by resignation"]

1. e4 c5 2. Nf3 e6 3. d4 cxd4 4. Nxd4 Nf6 5. Nc3 Nc6 6. Nxc6 bxc6 7. e5 Nd5 8. Ne4 Bb7 9. a3 Qc7 10. f4 c5 11. c4 Nxf4 12. Nd6+ Bxd6 13. exd6 Qc6 14.
Kf2 Ng6 15. h4 h5 16. Rh3 Ne5 17. Kg1 Ng4 18. Bf4 e5 19. Bg5 f6 20. Bc1 O-O 21. Qc2 Qxd6 22. Bd2 Qd4+ 23. Kh1 Nf2+ 24. Kh2 Nxh3 25. gxh3 Qf2+ 0-1

[Event "Late-Titled-Tuesday-Blitz-September-12-2023"]
[Site "Chess.com"]
[Date "2023.09.12"]
[Round "3"]
[White "jaskol95"]
[Black "ZuraTqebuchava"]
[Result "1-0"]
[WhiteElo "2520"]
[BlackElo "2252"]
[TimeControl "180+1"]
[EndTime "14:24:36 PDT"]
[Termination "jaskol95 won by checkmate"]

1. e4 e5 2. Nf3 Nc6 3. Bc4 Be7 4. c3 d6 5. d4 exd4 6. cxd4 Nf6 7. Nc3 O-O 8. h3 Nxe4 9. Nxe4 d5 10. Bd3 dxe4 11.
Bxe4 Nb4 12. O-O Nd5 13. Re1 Be6 14. Bd2 h6 15. Ne5 c6 16. Qh5 Nf6 17. Qf3 Qxd4 18. Bc3 Qc5 19. Bc2 Rfd8 20. Ng6 fxg6 21. Rxe6 Nd5 22.
Bb3 Rf8 23. Qg3 Kh7 24. Qxg6+ Kh8 25. Qxg7# 1-0

[Event "Late-Titled-Tuesday-Blitz-September-12-2023"]
[Site "Chess.com"]
[Date "2023.09.12"]
[Round "3"]
[White "Herman-NY"]
[Black "Ready4abattle"]
[Result "1-0"]
[WhiteElo "2526"]
[BlackElo "2307"]
[TimeControl "180+1"]
[EndTime "14:24:46 PDT"]
[Termination "Herman-NY won by resignation"]

1. e4 c5 2. Nf3 Nc6 3. d4 cxd4 4. c3 dxc3 5. Nxc3 d6 6. Bc4 a6 7. O-O Nf6 8. Bb3 Bg4 9. h3 Bxf3 10. Qxf3 Nd4 11. Qd1 Nxb3 12. Qxb3 Qd7 13. Bg5 e6 14. Rfd1 Qc7 15. Rac1 Qb8 16. e5 dxe5 17. Nb5 Be7 18. Nc7+ Kf8 19. Nxa8 Qxa8 20. Rc7 b5 21. Bxf6 Bxf6 22. Rdd7 h6 23. Rxf7+ Kg8 24. Rxf6 1-0